 Dungeon Crawl Stone Soup version 0.31.0-11-ge490571c62 (webtiles) character file.

Game seed: 987870840295611230

1161 qw the Skirmisher (level 8, -7/40 HPs)
             Began as a Spriggan Hunter on Feb 4, 2024.
             Killed by divine providence
             ... invoked by an orc priest
              (9 damage)
             ... on level 5 of the Dungeon.
             The game lasted 00:00:19 (3637 turns).

qw the Skirmisher (Spriggan Hunter)                 Turns: 3637, Time: 00:00:20

Health: -7/40      AC:  2    Str:  7    XL:     8   Next: 16%
Magic:  9/9        EV: 23    Int: 11    God:
Gold:   114        SH:  0    Dex: 20    Spells: 7/7 levels left

rFire   . . .        d - +0 arbalest
rCold   . . .        (shield currently unavailable)
rNeg    . . .        c - +0 robe
rPois   .            (helmet restricted)
rElec   .            (no cloak)
rCorr   .            (gloves unavailable)
SInv    +            (boots unavailable)
Will    +....        (no amulet)
Stlth   ++           (no ring)
HPRegen 0.26/turn    (no ring)
MPRegen 0.11/turn

%: no passive effects
@: very quick
A: very small, no large weapons, unfitting armour, see invisible, speed 3
a: no special abilities


You were on level 5 of the Dungeon.
You visited 2 branches of the dungeon, and saw 6 of its levels.

You collected 114 gold pieces.


Innate Abilities, Weirdness & Mutations

You are very small and have problems with some larger weapons.
You are too small for most types of armour.
You have supernaturally acute eyesight. (SInv)
You cover ground extremely quickly. (Speed+++)


   Skills:
 - Level 3.0 Fighting
 + Level 8.2 Ranged Weapons
 - Level 8.1 Dodging
 - Level 1.5 Stealth


You had 7 spell levels left.
You didn't know any spells.
Your spell library was empty.

Inventory:

Hand Weapons
 d - a +0 arbalest (weapon)
Armour
 c - a +0 robe (worn)
 k - the +0 robe of the Trilobite {Str-5 Int+4 Dex+5}
   (You found it on level 3 of the Dungeon)

   Str-5:     It affects your strength (-5).
   Int+4:     It affects your intelligence (+4).
   Dex+5:     It affects your dexterity (+5).
Wands
 n - a wand of mindburst (7)
Scrolls
 e - 3 scrolls of blinking {unknown}
 i - a scroll of identify
Potions
 b - a potion of invisibility {unknown}
 g - a potion of curing
 h - a potion of resistance
 l - a potion of lignification {unknown}
 m - 2 potions of enlightenment {unknown}

Dungeon Overview and Level Annotations

Branches:
Dungeon (5/15)             Temple (1/1) D:4

Altars:
Ashenzari
Dithmenos
Elyvilon
Fedhas
Hepliaklqana
Makhleb
Nemelex Xobeh
Qazlal
Sif Muna
Trog
Uskayaw
Xom
Yredelemnul
Zin
The Shining One

Shops:
D:3 !   D:4 *

Annotations:
D:4 2 transporters, qw's ghost, amateur DEHu


Message History

The bolt hits the orc wizard but does no damage.
The orc wizard is almost dead.
The orc priest hits you with a +0 whip. The orc wizard misses you.
The orc barely misses you.
You shoot a bolt.
The bolt hits the orc wizard but does no damage.
The orc wizard is almost dead.
The orc priest closely misses you. The orc completely misses you.
The orc wizard misses you. The orc priest completely misses you.
The orc wizard completely misses you. The orc completely misses you.
You shoot a bolt. The bolt misses the orc wizard.
The orc priest casts a cantrip, but nothing happens.
The orc wizard completely misses you. The orc misses you.
You shoot a bolt. The bolt closely misses the orc wizard.
The orc priest misses you. The orc misses you.
The orc wizard hits you with a +0 dagger.
The orc priest misses you. The orc wizard barely misses you.
The orc misses you.
You shoot a bolt. The bolt hits the orc wizard!
You kill the orc wizard!
The orc closely misses you.
You shoot a bolt. The bolt hits the orc priest.
The orc priest is moderately wounded.
The orc priest calls down the wrath of Beogh upon you.
Beogh smites you! The orc hits you with a +0 dagger.
The orc hits you with a +0 mace. The orc hits you but does no damage.
The orc priest misses you. The orc misses you.
You shoot a bolt. The bolt hits the orc priest.
The orc priest is heavily wounded.
The orc priest closely misses you. The orc misses you. x2
You shoot a bolt. The bolt barely misses the orc priest.
The orc priest completely misses you. The orc misses you.
The orc barely misses you. The orc priest hits you with a +0 whip.
The orc closely misses you. The orc hits you with a +0 mace.
You shoot a bolt. The bolt closely misses the orc priest.
The orc priest closely misses you. The orc misses you.
The orc hits you with a +0 dagger.
You shoot a bolt. The bolt barely misses the orc priest.
The orc priest invokes the aid of Beogh against you.
Beogh smites you!
You die...

. . ....
# .... .
...) ###.
.)..
#..8##
o.).
#.#....
....
#.....8##
....
..(..$o@#
....
#..###oo#
....
#.#..
....
####..
.... ##.
.... .#
.... #
.... ....


You could see an orc priest and 2 orcs.

Vanquished Creatures
  Eustachio (D:4)
  An orc warrior (D:4)
  A centaur (D:5)
  3 ogres
  A scorpion (D:4)
  A jelly (D:5)
  2 hounds (D:5)
  2 bombardier beetles (D:4)
  2 iguanas
  Natasha (thrice) (D:4)
  3 orc wizards (D:5)
  4 adders
  A shadow imp (D:5)
  2 ribbon worms
  6 dart slugs
  10 orcs
  11 endoplasms
  6 giant cockroaches
  9 goblins
  9 hobgoblins
  2 jackals
  8 kobolds
  3 quokkas
  12 ball pythons
  9 bats
  3 frilled lizards
  8 rats
123 creatures vanquished.

Notes
Turn   | Place    | Note
-------+----------+-------------------------------------------
     0 | D:1      | qw the Spriggan Hunter began the quest for the Orb.
     0 | D:1      | Reached XP level 1. HP: 10/10 MP: 2/2
     0 | D:1      | 0 ||| qw: Version: 0.3-a-160-g6735b56
     0 | D:1      | 0 ||| qw: Game counter: 4598
     0 | D:1      | 0 ||| qw: Melee chars always use a shield: true
     0 | D:1      | 0 ||| qw: God list: Okawaru
     0 | D:1      | 0 ||| qw: Allow faded altars: false
     0 | D:1      | 0 ||| qw: Do Orc after clearing Dungeon:15 true
     0 | D:1      | 0 ||| qw: Do second Lair branch before Depths: true
     0 | D:1      | 0 ||| qw: Lair rune preference: random
     0 | D:1      | 0 ||| qw: Goals: Normal
     0 | D:1      | 0 ||| PLANNING D:1-11
    30 | D:1      | Reached skill level 3 in Dodging
   118 | D:1      | Reached XP level 2. HP: 14/14 MP: 3/3
   371 | D:1      | Reached XP level 3. HP: 18/18 MP: 4/4
   932 | D:1      | 932 ||| DROPPING +6 ring of intelligence.
   933 | D:1      | 933 ||| READING scroll labelled COSTRE ZETEAPU.
  1034 | D:1      | 1034 ||| DRINKING 2 cyan potions.
  1035 | D:1      | 1035 ||| DRINKING 3 lumpy green potions.
  1036 | D:1      | 1036 ||| DROPPING scroll of butterflies.
  1037 | D:1      | 1037 ||| DROPPING 2 potions of brilliance.
  1063 | D:2      | 1063 ||| STAIRDANCE
  1236 | D:2      | Found a faded altar of an unknown god.
  1660 | D:2      | 1660 ||| READING scroll labelled LIUCRU VUOVAU.
  1660 | D:2      | 1660 ||| BRANDING +0 shortbow.
  1661 | D:2      | 1661 ||| READING scroll labelled RURAYS OSE.
  1662 | D:2      | 1662 ||| READING scroll labelled DAMOFR UGOPH.
  1662 | D:2      | 1662 ||| IDENTIFYING bubbling red potion
  1732 | D:3      | Reached XP level 4. HP: 22/22 MP: 5/5
  1780 | D:3      | Identified the +0 robe of the Trilobite {Str-5 Int+4 Dex+5}
  1943 | D:3      | Found a shadowy altar of Dithmenos.
  1973 | D:3      | Found Xobih's Distillery.
  1993 | D:3      | 1993 ||| SHOPLISTING potion of haste (140 gold, have 83).
  1993 | D:3      | 1993 ||| SHOPLISTING potion of mutation (112 gold, have
                  | 83).
  2192 | D:3      | 2192 ||| READING 2 scrolls of identify.
  2192 | D:3      | 2192 ||| IDENTIFYING lumpy ruby potion
  2193 | D:3      | 2193 ||| READING scroll of identify.
  2193 | D:3      | 2193 ||| IDENTIFYING clear potion
  2194 | D:3      | 2194 ||| READING 2 scrolls labelled QUTHOTT HOZIOVOQ.
  2195 | D:3      | 2195 ||| READING scroll labelled WUYLLASA GIOG.
  2196 | D:3      | 2196 ||| READING scroll labelled WIRHESSIGY.
  2199 | D:3      | 2199 ||| READING 3 scrolls labelled QIQAEM VILAKOE.
  2199 | D:3      | 2199 ||| ENCHANTING +0 shortbow of freezing.
  2200 | D:3      | 2200 ||| READING 2 scrolls of enchant weapon.
  2200 | D:3      | 2200 ||| ENCHANTING +1 shortbow of freezing.
  2201 | D:3      | 2201 ||| READING scroll of enchant weapon.
  2201 | D:3      | 2201 ||| ENCHANTING +2 shortbow of freezing.
  2202 | D:3      | 2202 ||| DROPPING scroll of noise.
  2219 | D:4      | Found Refonelu's Lightly-Used Armoury.
  2264 | D:4      | Found a staircase to the Ecumenical Temple.
  2265 | D:4      | 2265 ||| PLANNING TEMPLE
  2265 | D:4      | 2265 ||| READING scroll labelled ESEEPS QIUCU.
  2273 | Temple   | Entered the Ecumenical Temple
  2274 | Temple   | 2274 ||| PLANNING D:1-11
  2335 | D:4      | Noticed Natasha
  2337 | D:4      | 2337 ||| FLEEEEING.
  2338 | D:4      | 2338 ||| FLEEEEING.
  2339 | D:4      | 2339 ||| FLEEEEING.
  2340 | D:4      | 2340 ||| FLEEEEING.
  2341 | D:4      | 2341 ||| FLEEEEING.
  2342 | D:4      | 2342 ||| FLEEEEING.
  2343 | D:4      | 2343 ||| FLEEEEING.
  2344 | D:4      | 2344 ||| FLEEEEING.
  2346 | D:4      | 2346 ||| FLEEEEING.
  2347 | D:4      | 2347 ||| FLEEEEING.
  2348 | D:4      | 2348 ||| FLEEEEING.
  2349 | D:4      | 2349 ||| FLEEEEING.
  2350 | D:4      | 2350 ||| DRINKING potion of haste.
  2355 | D:4      | Killed Natasha
  2446 | D:4      | Noticed Natasha
  2447 | D:4      | 2447 ||| SWAPPING to +0 arbalest.
  2448 | D:4      | 2448 ||| DROPPING +3 shortbow of freezing.
  2450 | D:4      | Killed Natasha
  2451 | D:4      | Reached XP level 5. HP: 26/26 MP: 6/6
  2600 | D:4      | Noticed an ogre
  2601 | D:4      | 2601 ||| ZAPPING wand of mindburst (16) at 3,4 (ogre;
                  | floor).
  2603 | D:4      | 2603 ||| ZAPPING wand of mindburst (15) at 1,2 (ogre;
                  | floor).
  2604 | D:4      | 2604 ||| ZAPPING wand of mindburst (14) at 0,1 (ogre;
                  | floor).
  2604 | D:4      | Killed an ogre
  2605 | D:4      | Reached skill level 6 in Ranged Weapons
  2605 | D:4      | Reached XP level 6. HP: 30/30 MP: 7/7
  2651 | D:4      | Noticed an orc warrior
  2652 | D:4      | 2652 ||| ZAPPING wand of mindburst (13) at 3,-1 (orc
                  | warrior; floor).
  2653 | D:4      | 2653 ||| ZAPPING wand of mindburst (12) at 2,0 (orc
                  | warrior; floor).
  2653 | D:4      | Killed an orc warrior
  2654 | D:4      | Reached skill level 6 in Dodging
  2716 | D:4      | Noticed Natasha
  2719 | D:4      | Killed Natasha
  2744 | D:4      | Found a transporter.
  2745 | D:4      | Noticed qw's ghost (amateur DEHu)
  2750 | D:4      | Found a transporter.
  2755 | D:4      | Noticed Eustachio
  2756 | D:4      | 2756 ||| ZAPPING wand of mindburst (11) at 2,-6 (Eustachio;
                  | floor).
  2757 | D:4      | 2757 ||| ZAPPING wand of mindburst (10) at 2,-5 (Eustachio;
                  | floor).
  2758 | D:4      | 2758 ||| ZAPPING wand of mindburst (9) at 2,-5 (Eustachio;
                  | floor).
  2764 | D:4      | 2764 ||| ZAPPING wand of mindburst (8) at 0,-1 (Eustachio;
                  | floor).
  2764 | D:4      | Killed Eustachio
  2765 | D:4      | Reached XP level 7. HP: 21/35 MP: 8/8
  3049 | D:4      | 3049 ||| DROPPING ring of wizardry.
  3095 | D:5      | Entered Level 5 of the Dungeon
  3171 | D:5      | 3171 ||| FLEEEEING.
  3172 | D:5      | 3172 ||| FLEEEEING.
  3173 | D:5      | 3173 ||| FLEEEEING.
  3174 | D:5      | 3174 ||| FLEEEEING.
  3175 | D:5      | 3175 ||| FLEEEEING.
  3176 | D:5      | 3176 ||| FLEEEEING.
  3177 | D:5      | 3177 ||| FLEEEEING.
  3179 | D:5      | 3179 ||| FLEEEEING.
  3180 | D:5      | 3180 ||| FLEEEEING.
  3181 | D:5      | 3181 ||| FLEEEEING.
  3182 | D:5      | 3182 ||| FLEEEEING.
  3184 | D:5      | 3184 ||| FLEEEEING.
  3185 | D:5      | 3185 ||| FLEEEEING.
  3186 | D:5      | 3186 ||| FLEEEEING.
  3187 | D:5      | 3187 ||| FLEEEEING.
  3189 | D:5      | 3189 ||| FLEEEEING.
  3190 | D:5      | 3190 ||| FLEEEEING.
  3191 | D:5      | 3191 ||| FLEEEEING.
  3192 | D:5      | 3192 ||| FLEEEEING.
  3193 | D:5      | 3193 ||| FLEEEEING.
  3194 | D:5      | 3194 ||| FLEEEEING.
  3196 | D:5      | 3196 ||| FLEEEEING.
  3197 | D:5      | 3197 ||| FLEEEEING.
  3432 | D:5      | Reached skill level 3 in Fighting
  3523 | D:5      | Reached XP level 8. HP: 40/40 MP: 9/9
  3616 | D:5      | HP: 9/40 [orc wizard/+0 dagger (2)]
  3617 | D:5      | 3617 ||| READING scroll of teleportation.
  3618 | D:5      | 3618 ||| DRINKING potion of heal wounds.
  3622 | D:5      | 3622 ||| DRINKING 2 potions of curing.
  3622 | D:5      | 3622 ||| (to cure confusion)
  3633 | D:5      | HP: 10/40 [orc priest/divine providence (10)]
  3635 | D:5      | HP: 3/40 [orc priest/+0 whip (4)]
  3636 | D:5      | HP: 1/40 [orc/+0 dagger (1)]
  3637 | D:5      | Killed from afar by an orc priest

Levels and vault maps discovered:
D:1:      arrival_zaba_pyramid, layout_loops_corners, solitary_fountain,
          minmay_misc_feat_four_crosses, minmay_ruptured
D:2:      layout_loops_ring, hellmonk_ecumenical_altar_run_dry,
          grunt_ministairs_12
D:3:      layout_rooms, grunt_dithmenos_smoke_and_mirrors, serial_shops, shop
D:4:      layout_gridville, minmay_temple_entry_glassed_door,
          gammafunk_ghost_smash, minmay_shop_damaged, grunt_decor_clamped,
          nicolae_nh_ransacked_shop, uniq_natasha, uniq_eustachio
D:5:      layout_basic, guppyfry_early_orc_mine
Temple:   compressed_dpeg_circular_temple

Skill      XL: |  1  2  3  4  5  6  7  8 |
---------------+-------------------------+-----
Dodging        | 3 4 5 6 7 8 |  8.1
Ranged Weapons | 5 6 7 8 |  8.2
Fighting       | 2 3 |  3.0
Stealth        | |  1.5

Action                     |  1- 3 |  4- 6 |  7- 9 || total
---------------------------+-------+-------+-------++-------
   Fire: Shortbow          |   120 |    55 |       ||   175
         Arbalest          |       |    34 |    72 ||   106
  Evoke: Wand              |       |     9 |       ||     9
    Use: Scroll            |     4 |     9 |     1 ||    14
         Potion            |     2 |     1 |     2 ||     5
 Armour: Robe              |    11 |     7 |    27 ||    45
  Dodge: Dodged            |    52 |    23 |    86 ||   161

Table legend:
 A = Non-vault XP
 B = Vault XP
 C = Vault XP percentage of total XP
 D = Non-vault monster count
 E = Vault monster count
 F = Vault count percentage of total count
                 A         B        C        D         E       F
            +---------+---------+-------+---------+---------+-------
      Total |    1204 |     455 |  27.4 |     111 |      12 |   9.8
            +---------+---------+-------+---------+---------+-------
        D:1 |      58 |       3 |   4.9 |      33 |       2 |   5.7
        D:2 |      31 |       4 |  11.4 |      16 |       2 |  11.1
        D:3 |      55 |       0 |   0.0 |      25 |       0 |   0.0
        D:4 |     431 |     374 |  46.5 |      17 |       5 |  22.7
        D:5 |     629 |      74 |  10.5 |      20 |       3 |  13.0
            +---------+---------+-------+---------+---------+-------
